 Dungeon Crawl Stone Soup version 0.32-a0-450-g080537f31e (webtiles) character file.

Game seed: 3772186953352856635

209 anacleto the Digger (level 5, -2/42 HPs)
             Began as a Deep Elf Earth Elementalist on Feb 23, 2024.
             Slain by a ball python (3 damage)
             ... in a sewer.
             The game lasted 00:06:08 (2082 turns).

anacleto the Digger (Deep Elf Earth Elementalist)   Turns: 2082, Time: 00:06:09

Health: -2/42      AC:  2    Str:  5    XL:     5   Next: 55%
Magic:  9/12       EV: 10    Int: 22    God:
Gold:   81         SH:  0    Dex: 15    Spells: 4/11 levels left

rFire   . . .        (no weapon)
rCold   . . .        (no shield)
rNeg    + . .        a - +0 robe
rPois   .            (no helmet)
rElec   .            (no cloak)
rCorr   .            (no gloves)
SInv    .            (no boots)
Will    .....        c - amulet of magic regeneration Stlth
                     f - ring of positive energy
HPRegen 0.27/turn    (no ring)
MPRegen 0.53/turn

%: no passive effects
@: berserking, very slightly contaminated, constricted, slow
A: no striking features
a: no special abilities


You were in a sewer.
You visited 1 branch of the dungeon, and saw 3 of its levels.
You also visited: Sewer.

You collected 81 gold pieces.

Inventory:

Armour
 a - a +0 robe (worn)
Jewellery
 c - an amulet of magic regeneration (around neck)
 f - a ring of positive energy (left hand)
 g - a +6 ring of strength
Scrolls
 e - a scroll of vulnerability {unknown}
 h - 5 scrolls of torment
 i - a scroll of amnesia {unknown}
 k - a scroll of identify
 l - 2 scrolls of enchant weapon {unknown}
 m - a scroll of teleportation {unknown}
Potions
 b - a potion of magic
 j - a potion of berserk rage
 n - 2 potions of mutation {unknown}


   Skills:
 + Level 3.6 Dodging
 + Level 3.7 Stealth
 + Level 3.9 Spellcasting
 * Level 3.1 Conjurations
 * Level 4.6 Earth Magic


You had 4 spell levels left.
You knew the following spells:

 Your Spells              Type           Power      Damage    Failure   Level
a - Sandblast             Erth           48%        2d12      1%          1
b - Stone Arrow           Conj/Erth      42%        3d9       7%          3
c - Passwall              Erth           24%        N/A       4%          3

Your spell library contained the following spells:

 Spells                   Type           Power      Damage    Failure   Level
 Brom's Barrelling Bould  Conj/Erth      21%        2d4       22%         4
 Petrify                  Alch/Erth      14%        N/A       41%         4


Dungeon Overview and Level Annotations

Branches:
Dungeon (3/15)              Sewer (1/1)

Altars:


Message History

Aiming: Stone Arrow (quite dangerous; 8% risk of failure)
Press: ? - help, Shift-Dir - straight line, f - bullfrog
Aim: a bullfrog (water, 60% to hit)
The stone arrow hits the bullfrog!!
The bullfrog is almost dead.
The bullfrog barely misses you. The bullfrog hits you.
The ball python barely misses you. The ball python constricts you.
The ball python closely misses you. The bullfrog misses you.
Casting: Stone Arrow (quite dangerous; 8% risk of failure)
Confirm with . or Enter, or press ? or * to list all spells.
Aiming: Sandblast (safe; 1% risk of failure)
Press: ? - help, Shift-Dir - straight line, f/p - bullfrog
Aim: a bullfrog (water, almost dead, 79% to hit)
You miscast Sandblast.
You are very lightly contaminated with residual magic.
Nothing appears to happen.
The bullfrog barely misses you. The bullfrog closely misses you.
The ball python barely misses you. The ball python constricts you.
The ball python closely misses you. The bullfrog closely misses you.
Casting: Sandblast (safe; 1% risk of failure)
Confirm with . or Enter, or press ? or * to list all spells.
Aiming: Sandblast (safe; 1% risk of failure)
Press: ? - help, Shift-Dir - straight line, f/p - bullfrog
Aim: a bullfrog (water, almost dead, 79% to hit)
The blast of sand hits the bullfrog!
You kill the bullfrog!
The ball python bites you. The ball python loses its grip on you.
The bullfrog hits you. The ball python barely misses you.
The ball python closely misses you. The ball python barely misses you.
The ball python grabs you. The ball python constricts you.
* * * LOW HITPOINT WARNING * * *
The ball python bites you.
* * * LOW HITPOINT WARNING * * *
The bullfrog hits you.
* * * LOW HITPOINT WARNING * * *
Your Conjurations skill increases to level 3!
It was a potion of berserk rage.
A red film seems to cover your vision as you go berserk!
You feel yourself moving faster!
You feel mighty! The ball python bites you.
You die...

#####################
...≈~≈≈≈~~lS@≈≈≈≈~#.###
..~≈≈~≈≈~.SSSF≈≈≈~....##
..~~~≈~~#≈≈#~~~~≈≈.....#
..~≈†~~~~≈≈~~≈~~~~.....#
...≈≈≈~≈≈≈≈≈≈~≈~~≈†....##
..#≈≈≈≈≈≈≈≈≈≈≈≈≈≈~#.....#
# ##################....#
####...## #..#....#


You could see a bullfrog, 4 ball pythons and a frilled lizard.

Vanquished Creatures
  A bullfrog (Sewer)
  5 adders
  3 river rats (Sewer)
  2 dart slugs
  16 ball pythons
  6 endoplasms
  5 giant cockroaches
  3 goblins
  6 hobgoblins
  2 jackals (D:1)
  A kobold (D:1)
  A quokka (D:2)
  4 bats
  4 frilled lizards
  19 rats
78 creatures vanquished.

Notes
Turn   | Place    | Note
-------+----------+-------------------------------------------
     0 | D:1      | anacleto the Deep Elf Earth Elementalist began the quest
                  | for the Orb.
     0 | D:1      | Reached XP level 1. HP: 10/10 MP: 6/6
   195 | D:1      | Reached XP level 2. HP: 10/15 MP: 4/8
  1015 | D:2      | Reached XP level 3. HP: 19/19 MP: 7/9
  1069 | D:2      | Learned a level 3 spell: Stone Arrow
  1084 | D:2      | Identified the staff "Geroih" {rN+ Int+4 Necro}
  1315 | D:2      | Found a faded altar of an unknown god.
  1422 | D:2      | Reached skill level 4 in Earth Magic
  1509 | D:2      | Reached XP level 4. HP: 24/24 MP: 9/11
  1726 | D:2      | Learned a level 3 spell: Passwall
  1770 | D:3      | Found a glowing drain.
  1791 | Sewer    | Entered a sewer
  2066 | Sewer    | Noticed a bullfrog
  2067 | Sewer    | Noticed a bullfrog
  2068 | Sewer    | Reached XP level 5. HP: 27/28 MP: 10/12
  2081 | Sewer    | HP: 1/28 [bullfrog (5)]
  2082 | Sewer    | Slain by a ball python

Illustrated notes

Levels and vault maps discovered:
D:1:      dpeg_arrival_concentric_ovals, layout_loops_cross,
          corexii_leaking_fountain
D:2:      layout_loops_corners, ebering_ecumenical_altar_mist
D:3:      cheibrodos_greedy_goblins, layout_basic, portal_sewer_entry_a,
          serial_shops, shop, shop, shop, nicolae_shop_tiny_statue_garden,
          uniq_crazy_yiuf_cottage
Sewer:    sewer_minmay_w

Skill      XL: |  1  2  3  4  5 |
---------------+----------------+-----
Stealth        | 3 |  3.7
Conjurations   | 2 3 |  3.1
Dodging        | 3 |  3.6
Earth Magic    | 4 |  4.6
Spellcasting   | |  3.9

Action                     |  1- 3 |  4- 6 || total
---------------------------+-------+-------++-------
  Melee: Unarmed           |     2 |     1 ||     3
   Cast: Sandblast         |    55 |    48 ||   103
         Stone Arrow       |       |     1 ||     1
    Use: Potion            |       |     3 ||     3
         Scroll            |       |     1 ||     1
 Armour: Robe              |    10 |    49 ||    59
  Dodge: Dodged            |    20 |    74 ||    94

Table legend: (Time is in decaauts)
 A = Elapsed time spent in this place.
 B = Non-inter-level travel time spent in this place.
 C = Inter-level travel time spent in this place.
 D = Time resting spent in this place.
 E = Time spent auto-exploring this place.
 F = Levels seen in this place.
 G = Mean time per level.
                   A        B        C        D        E       F      G
               +--------+--------+--------+--------+--------+-----+--------+
         Total |   2183 |   2125 |     58 |    108 |   1544 |   4 |  545.8 |
       Dungeon |   1825 |   1767 |     58 |     55 |   1411 |   3 |  608.3 |
         Sewer |    358 |    358 |      0 |     53 |    133 |   1 |  358.0 |
               +--------+--------+--------+--------+--------+-----+--------+

Top non-repeatable levels by time:
     D:1: 926 daAuts
     D:2: 861 daAuts
   Sewer: 358 daAuts
     D:3: 38 daAuts
